 Dungeon Crawl Stone Soup version 0.32-a0-485-g70f7560 (webtiles) character file.

Game seed: 16000988761330983688

480 Remcycle the Chopper (level 7, -2/52 HPs)
             Began as a Formicid Fighter on Feb 26, 2024.
             Slain by a gnoll
             ... wielding a +0 spear
              (5 damage)
             ... on level 4 of the Dungeon.
             The game lasted 00:05:25 (2792 turns).

Remcycle the Chopper (Formicid Fighter)             Turns: 2792, Time: 00:05:26

Health: -2/52      AC:  0    Str: 20    XL:     7   Next: 34%
Magic:  7/7        EV:  9    Int:  8    God:
Gold:   199        SH:  0    Dex: 20    Spells: 6/6 levels left

rFire   . . .        a - melded +0 war axe
rCold   . . .        c - melded +0 buckler
rNeg    . . .        b - melded +0 scale mail
rPois   .            (helmet unavailable)
rElec   .            (cloak currently unavailable)
rCorr   .            (gloves currently unavailable)
SInv    .            (boots currently unavailable)
Will    .....        (no amulet)
Stlth   ++           e - melded +4 ring of slaying
HPRegen 0.28/turn    m - melded ring of Uli Veac {rElec Str+2 Slay+2 SInv}
MPRegen 0.10/turn

%: no passive effects
@: bat-form, flying, held, very quick
A: fast, flying, no casting, permanent stasis, dig shafts and tunnels, tiny,
(antennae 3), four strong arms
a: no special abilities


You were on level 4 of the Dungeon.
You were a bat.
You visited 1 branch of the dungeon, and saw 4 of its levels.

You collected 199 gold pieces.

Inventory:

Hand Weapons
 a - a +0 war axe (melded)
Armour
 b - a +0 scale mail (melded)
 c - a +0 buckler (melded)
Jewellery
 e - a +4 ring of slaying (melded)
 m - the ring of Uli Veac (melded) {rElec Str+2 Slay+2 SInv}
   (You found it on level 2 of the Dungeon)

   [ring of see invisible]

   Str+2:     It affects your strength (+2).
   Slay+2:    It affects your accuracy & damage with ranged weapons and melee
   (+2).
   rElec:     It insulates you from electricity.
   SInv:      It lets you see invisible.
 n - a ring of willpower
Scrolls
 f - a scroll of fog
 g - a scroll of poison
 k - a scroll of enchant weapon {unknown}
 o - a scroll of noise
 q - a scroll of blinking
 r - a scroll of torment {unknown}
 s - a scroll of vulnerability
 t - a scroll of revelation {unknown}
Potions
 d - a potion of might
 h - 2 potions of enlightenment
 j - a potion of haste
 l - a potion of curing
 p - a potion of invisibility


   Skills:
 - Level 3.2 Fighting
 + Level 7.5 Axes
 - Level 3.2 Armour
 - Level 4.0 Shields


You had 6 spell levels left.
You didn't know any spells.
Your spell library contained the following spells:

 Spells                   Type           Power      Damage    Failure   Level
 Magic Dart               Conj           0%         1d3       41%         1
 Call Imp                 Summ           0%         N/A       54%         2
 Blink                    Tloc           Unusable   N/A       N/A         2

Dungeon Overview and Level Annotations

Branches:
Dungeon (4/15)
 Temple: D:4-7

Altars:
Qazlal
Trog

Annotations:
D:4 1 transporter


Innate Abilities, Weirdness & Mutations

You are a bat.
You are tiny and dextrous.
You move quickly.
You are flying.
Your equipment is almost entirely melded.
You are incapable of wielding weapons or throwing items.
You cannot cast spells.
You cannot be hasted, slowed, berserked, paralysed or teleported.
You can dig through walls and to a lower floor.
((You have a pair of large antennae on your head. (SInv)))
Your four strong arms can wield two-handed weapons with a shield.


Message History

The gnoll bouda is lightly wounded.
You hit the gnoll.
You feel sick.
You are no longer poisoned.
The gnoll bouda hits you with a +0 whip.
* * * LOW HITPOINT WARNING * * *
The gnoll hits you with a +0 spear.
* * * LOW HITPOINT WARNING * * *
The gnoll throws a throwing net.
The throwing net closely misses the gnoll bouda.
The throwing net barely misses you. The gnoll bouda closely misses you.
The gnoll zaps a wand.
You turn into a bat.
Your +0 war axe melds into your body.
Your +0 buckler melds into your body.
Your +0 scale mail melds into your body.
Your +4 ring of slaying melds into your body.
The ring of Uli Veac {rElec Str+2 Slay+2 SInv} melds into your body.
You barely miss the gnoll bouda.
The gnoll bouda is lightly wounded.
You flicker back into view.
Unknown command.
The gnoll misses you.
There is an open translucent door, spattered with blood here.
Items here: ( )) †.
The gnoll bouda gazes fiercely through you!
You feel your attacks grow feeble.
Things that are here:
22 gold pieces; a +0 club; a wand of flame (5)
The gnoll bouda barks out a call to the hunt!
The gnoll picks up the pace!
There is an open translucent door here.
Your attacks no longer feel as feeble.
The gnoll shouts!
The gnoll throws a throwing net.
The throwing net hits you.
You become entangled in the net!
You see here a throwing net.
You struggle against the net.
The gnoll hits you from afar with a +0 spear.
* * * LOW HITPOINT WARNING * * *
You struggle against the net.
The gnoll hits you from afar with a +0 spear.
You die...

#).≈≈#.#.#.###.©.###.#{#.#≈≈
#..≈≈#...###.#####.###...#≈≈
#..≈≈###...............###≈≈
#.(≈≈.ß#.##'###'######.#ß.≈≈
#..≈≈.##.#...#..ß#...#.##.≈≈
#..~~.#..'.....©)#:..'..#.~~
#..≈≈.##.#.g.#$.ß#...#,##.≈≈
#..≈≈.ß#.##'###)######.#ß.≈≈
#..≈≈###..gb(..).g.....###≈≈
#..≈≈#...###.#####©###...#≈≈
#..≈≈#.#.#.###.©.###.#.#.#≈≈
#..≈≈#####...........#####≈≈
#..≈≈≈≈≈≈≈≈≈≈≈...≈≈≈≈≈≈≈≈≈≈≈
#..≈≈≈≈≈≈≈≈≈≈≈...≈≈≈≈≈≈≈≈≈≈≈
#...........................
#..##.#############.########
##..........................


You could see a gnoll bouda and 2 gnolls.

Vanquished Creatures
  The ghost of tls9540 the Ruffian, an amateur VSMo (D:4)
  A scorpion (D:4)
  A jelly (D:4)
  A hound (D:4)
  An iguana (D:4)
  Natasha (thrice) (D:2)
  6 gnolls (D:4)
  3 adders
  A ribbon worm (D:3)
  2 dart slugs
  An orc (D:4)
  5 endoplasms
  3 giant cockroaches
  8 goblins
  3 hobgoblins
  4 jackals (D:3)
  12 kobolds
  3 quokkas
  7 ball pythons
  3 bats
  6 frilled lizards
  4 rats
79 creatures vanquished.

Notes
Turn   | Place    | Note
-------+----------+-------------------------------------------
     0 | D:1      | Remcycle the Formicid Fighter began the quest for the Orb.
     0 | D:1      | Reached XP level 1. HP: 18/18 MP: 1/1
    44 | D:1      | Reached XP level 2. HP: 22/24 MP: 2/2
   100 | D:1      | Reached skill level 3 in Axes
   134 | D:1      | Found a faded altar of an unknown god.
   288 | D:1      | Reached XP level 3. HP: 26/29 MP: 3/3
   759 | D:2      | Noticed Natasha
   770 | D:2      | Killed Natasha
   771 | D:2      | Reached skill level 4 in Axes
   771 | D:2      | Reached XP level 4. HP: 27/35 MP: 4/4
   965 | D:2      | Identified the ring of Uli Veac {rElec Str+2 Slay+2 SInv}
  1235 | D:2      | Noticed Natasha
  1239 | D:2      | Killed Natasha
  1266 | D:2      | Noticed Natasha
  1269 | D:2      | Killed Natasha
  1270 | D:2      | Reached skill level 5 in Axes
  1270 | D:2      | Reached XP level 5. HP: 41/41 MP: 5/5
  2108 | D:4      | Found a bloodstained altar of Trog.
  2161 | D:4      | Found a transporter.
  2161 | D:4      | Found a transporter.
  2188 | D:4      | Identified the +7 spear "Faramu" {chaos, +Blink rElec rF-
                  | Stlth+}
  2226 | D:4      | Reached skill level 6 in Axes
  2226 | D:4      | Reached XP level 6. HP: 36/47 MP: 6/6
  2275 | D:4      | Noticed an air elemental
  2277 | D:4      | Found a stormy altar of Qazlal.
  2279 | D:4      | Noticed a fire elemental
  2279 | D:4      | Noticed a water elemental
  2735 | D:4      | Noticed tls9540's ghost (amateur VSMo)
  2767 | D:4      | Killed tls9540's ghost
  2768 | D:4      | Reached skill level 7 in Axes
  2768 | D:4      | Reached XP level 7. HP: 26/52 MP: 7/7
  2792 | D:4      | Slain by a gnoll

Illustrated notes

Levels and vault maps discovered:
D:1:      roderic_crossed_star, layout_basic,
          ebering_ecumenical_altar_sacrificial
D:2:      layout_loops_cross, grunt_decor_cap, uniq_natasha
D:3:      layout_rooms, kennysheep_potato
D:4:      layout_basic, mainiacjoe_overflow_six_doors_small,
          nicolae_qazlal_style_of_elements, gammafunk_ghost_gnarly_gnolls,
          serial_glass, glass_columns_c, glass_columns_a

Skill      XL: |  1  2  3  4  5  6 |
---------------+-------------------+-----
Axes           | 3 4 5 6 7 |  7.5
Fighting       | |  3.2
Armour         | |  3.2
Shields        | |  4.0

Action                     |  1- 3 |  4- 6 |  7- 9 || total
---------------------------+-------+-------+-------++-------
  Melee: War axe           |    53 |   107 |     4 ||   164
         Unarmed           |       |       |     1 ||     1
    Use: Scroll            |       |     9 |       ||     9
         Potion            |       |     1 |       ||     1
   Stab: Invisible         |       |     4 |       ||     4
 Armour: Scale mail        |    31 |    64 |     5 ||   100
         Skin              |       |       |     2 ||     2
  Dodge: Dodged            |    26 |    46 |     3 ||    75
  Block: Buckler           |    13 |    33 |       ||    46

Table legend: (Time is in decaauts)
 A = Elapsed time spent in this place.
 B = Non-inter-level travel time spent in this place.
 C = Inter-level travel time spent in this place.
 D = Time resting spent in this place.
 E = Time spent auto-exploring this place.
 F = Levels seen in this place.
 G = Mean time per level.
                   A        B        C        D        E       F      G
               +--------+--------+--------+--------+--------+-----+--------+
         Total |   2832 |   2668 |    164 |      0 |   2184 |   4 |  708.0 |
       Dungeon |   2832 |   2668 |    164 |      0 |   2184 |   4 |  708.0 |
               +--------+--------+--------+--------+--------+-----+--------+

Top non-repeatable levels by time:
     D:2: 791 daAuts
     D:4: 767 daAuts
     D:1: 716 daAuts
     D:3: 557 daAuts
